 Dungeon Crawl Stone Soup version 0.27.0-1-g7a089689b8 (webtiles) character file.

Game seed: 904525805817280262

3152 mandarbmax the Slicer (level 9, -3/44 HPs)
             Began as a Vine Stalker Fighter on July 31, 2021.
             Killed from afar by an electric eel (9 damage)
             ... with a bolt of electricity
             ... on level 6 of the Dungeon.
             The game lasted 00:13:11 (5692 turns).

mandarbmax the Slicer (Vine Stalker Fighter)        Turns: 5692, Time: 00:13:12

Health: -3/44      AC: 12    Str: 21    XL:     9   Next: 93%
Magic:  0/10       EV: 12    Int:  8    God:
Gold:   309        SH: 11    Dex: 13    Spells: 8/8 levels left

rFire    . . .     SeeInvis .   s - +6 dagger of Iklocveymi {spect, +Blink rN+ Will++ Dex-2}
rCold    . . .     Faith    .   c - +1 kite shield
rNeg     + . .     Spirit   +   b - +0 scale mail
rPois    .         Reflect  .   (no helmet)
rElec    .         Harm     .   f - +0 cloak
rCorr    .         Rampage  .   k - +2 pair of gloves
Will     +++..                  (no boots)
Stlth    ..........             (no amulet)
HPRegen  1.14/turn              p - +4 ring of evasion
MPRegen  0.12/turn              (no ring)

@: no status effects
A: fangs 3, regeneration 1, magic shield, antimagic bite, no potion heal 2
a: Evoke Blink


You were on level 6 of the Dungeon.
You visited 1 branch of the dungeon, and saw 6 of its levels.

You collected 309 gold pieces.

Inventory:

Hand Weapons
 a - a +0 rapier
 g - a +1 dagger of speed
 s - the +6 dagger of Iklocveymi (weapon) {spect, +Blink rN+ Will++ Dex-2}
   (You found it on level 6 of the Dungeon)

   When its wielder attacks, the weapon's spirit leaps out and strikes again.
   The spirit shares a part of any damage it takes with its wielder.
   Dex:       It affects your dexterity (-2).
   rN:        It protects you from negative energy.
   +Blink:    It lets you blink.
   Will:      It greatly increases your willpower.
Missiles
 l - 10 poisoned darts (quivered)
Armour
 b - a +0 scale mail (worn)
 c - a +1 kite shield (worn)
 f - a +0 cloak (worn)
 i - a +0 pair of boots
 k - a +2 pair of gloves (worn)
Jewellery
 p - a +4 ring of evasion (left hand)
 t - an amulet of the acrobat
 u - a +4 ring of protection
Wands
 n - a wand of iceblast (6)
Scrolls
 h - 2 scrolls of amnesia
 j - 2 scrolls of teleportation
 m - a scroll of summoning
 o - a scroll of noise {unknown}
 r - a scroll of enchant weapon {unknown}
Potions
 d - 2 potions of attraction
 e - 2 potions of degeneration {unknown}
 q - 4 potions of curing
 v - a potion of resistance {unknown}


   Skills:
 - Level 3.0 Fighting
 - Level 10.0 Short Blades
 + Level 5.5 Armour
 + Level 5.9 Shields


You had 8 spell levels left.
You didn't know any spells.
Your spell library contained the following spells:

 Spells                   Type           Power      Damage    Failure   Level
 Sting                    Tmut/Pois      0%         1d3       98%         1
 Corpse Rot               Necr/Air       N/A        N/A       99%         2
 Poisonous Vapours        Pois/Air       0%         N/A       99%         2
 Slow                     Hex            0%         N/A       99%         2
 Confusing Touch          Hex            0%         N/A       100%        3
 Dazzling Flash           Conj/Hex       0%         N/A       100%        3
 Stone Arrow              Conj/Erth      0%         3d7       100%        3
 Tukima's Dance           Hex            0%         N/A       100%        3
 Vampiric Draining        Necr           0%         2d6       100%        3
 Airstrike                Air            0%         N/A       100%        4
 Olgreb's Toxic Radiance  Pois           0%         N/A       100%        4
 Passage of Golubria      Tloc           N/A        N/A       100%        4
 Summon Lightning Spire   Summ/Air       0%         N/A       100%        4
 Agony                    Necr           0%         N/A       100%        5
 Bolt of Magma            Conj/Fire/Erth 0%         4d4       100%        5
 Freezing Cloud           Conj/Ice/Air   0%         6-21      100%        5
 Lightning Bolt           Conj/Air       0%         1d11      100%        5
 Silence                  Hex/Air        0%         N/A       100%        5
 Yara's Violent Unravell  Hex/Tmut       0%         3d3       100%        5
 Shatter                  Erth           0%         3d5*      100%        9


Dungeon Overview and Level Annotations

Branches:
Dungeon (6/15)
 Temple: D:4-7

Altars:
Trog

Shops:
D:5 (


Innate Abilities, Weirdness & Mutations

You have razor-sharp teeth.
Your natural rate of healing is unusually fast.
When hurt, damage is shared between your health and your magic reserves.
Your bite disrupts and absorbs the magic of your enemies.
Potions cannot restore your health.


Message History

You enter the shallow water.
Moving in this stuff is going to be slow.
Things that are here:
a +0 giant spiked club; a +0 giant spiked club; a two-headed ogre corpse You open the door.
An electric eel is nearby!
An electric eel is nearby!
The electric eel shoots out a bolt of lightning at you!
The bolt of electricity hits you!
The electric eel shoots out a bolt of lightning at you!
The bolt of electricity hits the plant!
The plant begins to die.
The bolt of electricity hits you!
The electric eel shoots out a bolt of lightning at you!
The bolt of electricity hits the electric eel.
The electric eel completely resists.
The bolt of electricity hits the plant!
The bolt of electricity hits you.
There is an open door here.
Unknown command.
Aiming: Iceblast
Press: ? - help, Shift-Dir - straight line Out of range.
Okay, then.
The electric eel shoots out a bolt of lightning at you!
The bolt of electricity hits the plant!
The bolt of electricity hits you.
Unknown command.
Aiming: Iceblast
Press: ? - help, Shift-Dir - straight line The mass of ice explodes!
The iceblast engulfs the electric eel!
The electric eel is almost dead.
The iceblast engulfs the electric eel!
The electric eel is severely wounded.
The electric eel shoots out a bolt of lightning at you!
The bolt of electricity hits you!
* * * LOW HITPOINT WARNING * * *
The electric eel shoots out a bolt of lightning at you!
The bolt of electricity hits the plant!
The bolt of electricity hits you!
* * * LOW HITPOINT WARNING * * *
The electric eel shoots out a bolt of lightning at you!
The bolt of electricity hits the plant.
The bolt of electricity hits you!
You die...

.................#...........#...
.................##########..##..
..........................#..##..
..............##########..#......
....>........##...≈†≈≈≈##.#......
............##≈########.##'......
............#≈##..P??≈##.#####'##
............#≈#...P..;≈#.#..†...#
............#≈#.@..≈.?≈#.#......#
............#.#oc.≈P.;≈#.#......#
............#..#..P≈≈;##≈##.....#
............##)##########≈##....#
.######......#≈≈##.....≈##≈##....
.# #......##≈#...≈≈≈≈≈#.##.... .#
#.......#.#.....[.≈#.#+.... .#
#.......#.#co..≈.≈≈#.##.... .#
#.......#..#..P.≈≈##'##....


You could see 3 electric eels, a friendly centaur (summoned) and a friendly orc
(summoned).

Vanquished Creatures
  A two-headed ogre (D:6)
  Edmund (D:5)
  2 water moccasins
  An orc warrior (D:5)
  An ice beast (D:4)
  2 necrophages
  A centaur (D:5)
  A kobold brigand (D:3)
  2 scorpions
  A wyvern skeleton (D:6)
  10 wights
  3 electric eels (D:6)
  2 howler monkeys
  A bullfrog zombie (D:6)
  A centaur zombie (D:4)
  A jelly (D:5)
  4 hounds
  3 bullfrog skeletons (D:5)
  3 orc priests (D:5)
  A centaur skeleton (D:3)
  2 iguanas
  4 orc wizards (D:3)
  A hound skeleton (D:5)
  A howler monkey skeleton (D:6)
  16 gnolls
  5 adders
  A white imp (D:5)
  4 worms (D:2)
  5 dart slugs
  20 orcs
  2 endoplasms (D:2)
  9 goblins
  7 hobgoblins
  18 jackals
  6 kobolds
  2 quokkas
  A ball python (D:3)
  4 bats
  4 frilled lizards
  3 rats
157 creatures vanquished.

Vanquished Creatures (others)
  17 plants
17 creatures vanquished.

Grand Total: 174 creatures vanquished

Notes
Turn   | Place    | Note
-------+----------+-------------------------------------------
     0 | D:1      | mandarbmax the Vine Stalker Fighter began the quest for the
                  | Orb.
     0 | D:1      | Reached XP level 1. HP: 11/11 MP: 2/2
   132 | D:1      | Reached XP level 2. HP: 16/16 MP: 3/3
   143 | D:1      | Reached skill level 2 in Short Blades
   762 | D:1      | Reached XP level 3. HP: 19/20 MP: 4/4
  1373 | D:2      | Found a faded altar of an unknown god.
  1593 | D:2      | Gained mutation: Your natural rate of healing is unusually
                  | fast. [Vine Stalker growth]
  1593 | D:2      | Reached XP level 4. HP: 24/24 MP: 5/5
  1723 | D:2      | Reached skill level 3 in Short Blades
  1988 | D:3      | Reached XP level 5. HP: 28/28 MP: 6/6
  2114 | D:3      | Reached skill level 4 in Short Blades
  2296 | D:3      | Reached XP level 6. HP: 32/32 MP: 5/7
  2326 | D:3      | Reached skill level 5 in Short Blades
  2427 | D:3      | Reached skill level 6 in Short Blades
  2427 | D:3      | Reached XP level 7. HP: 19/36 MP: 6/8
  2783 | D:3      | Found a bloodstained altar of Trog.
  3161 | D:4      | Reached skill level 7 in Short Blades
  3716 | D:5      | Entered Level 5 of the Dungeon
  3767 | D:5      | Gained mutation: You have razor-sharp teeth. [Vine Stalker
                  | growth]
  3767 | D:5      | Reached XP level 8. HP: 39/40 MP: 9/9
  3779 | D:5      | Reached skill level 8 in Short Blades
  4029 | D:5      | Reached skill level 9 in Short Blades
  4253 | D:5      | Found Zurrusk's Weapon Shoppe.
  4464 | D:5      | Noticed Edmund
  4519 | D:5      | Killed Edmund
  4520 | D:5      | Reached skill level 10 in Short Blades
  4520 | D:5      | Reached XP level 9. HP: 25/44 MP: 4/10
  4876 | D:6      | Identified the +6 dagger of Iklocveymi {spect, +Blink rN+
                  | Will++ Dex-2}
  5533 | D:6      | Noticed a two-headed ogre
  5544 | D:6      | Killed a two-headed ogre
  5545 | D:6      | Reached skill level 5 in Armour
  5545 | D:6      | Reached skill level 5 in Shields
  5692 | D:6      | Killed from afar by an electric eel

Illustrated notes

Levels and vault maps discovered:
D:1:      pf_arrival_petrified_forest, layout_basic,
          chequers_serial_rivers_small_b
D:2:      layout_basic, hellmonk_ecumenical_altar_slurped_away, glass_columns_a
D:3:      lemuel_castle_with_subvaults [lemuel_castle_interior_carwin_2],
          layout_rooms, mainiacjoe_overflow_concentric_impassable
D:4:      layout_loops_ring
D:5:      layout_loops_cross, serial_shops, nicolae_lakefront_shop,
          serial_bayou_ford_a, uniq_edmund
D:6:      cheibrodos_two_vegetables, layout_gridville, minivault_19,
          nrook_pool_corridor

Skill      XL: |  1  2  3  4  5  6  7  8  9 |
---------------+----------------------------+-----
Short Blades   | 2 3 4 6 7 10 | 10.0
Fighting       | 3 |  3.0
Shields        | 3 5 |  5.9
Armour         | 3 5 |  5.5

Action                   |  1- 3 |  4- 6 |  7- 9 || total
-------------------------+-------+-------+-------++-------
Melee: Rapier            |    33 |       |       ||    33
       Bite              |    33 |    80 |   162 ||   275
       Dagger            |    74 |   228 |   419 ||   721
Throw: Dart              |       |    14 |    13 ||    27
Evoke: Wand              |       |       |     3 ||     3
  Use: Scroll            |       |     4 |     5 ||     9
       Potion            |       |     1 |       ||     1
 Stab: Distracted        |       |       |     1 ||     1
Armor: Scale mail        |    37 |    78 |    70 ||   185
Dodge: Dodged            |    27 |    47 |    77 ||   151
Block: Kite shield       |    39 |   114 |   134 ||   287
